Map: Nightscape LE

Players

Massa - Winner!

  • Race: Terran Terran
  • League: Gold
  • Spawn Location: 1:00

qqq - Winner!

  • Race: Protoss Protoss
  • League: Platinum
  • Spawn Location: 1:00

LoliCake

  • Race: Zerg Zerg
  • League: Diamond
  • Spawn Location: 7:00

Kuukyo

  • Race: Zerg Zerg
  • League: Diamond
  • Spawn Location: 7:00

VOD

Have the link to the VOD?

Description

Time

  • Played on: July 29, 2020, 11:43 a.m.
  • Length: 16:23
Show
View Real Time Build Order
Export as new Build Order

Massa Terran - Winner!

Build Orders:  

Get SALT Encoding   

  12  0:01  SCV  
  13  0:13  SCV  
  14  0:25  SCV  
  14  0:27  Supply Depot  
  15  0:30  Refinery  
  15  0:49  SCV  
  16  0:54  Barracks  
  16  1:01  SCV  
  17  1:13  SCV  
  18  1:24  Barracks  
  18  1:25  SCV  
  19  1:37  SCV  
  20  1:41  Reaper  
  20  1:42  Supply Depot  
  21  1:50  SCV  
  22  1:55  Factory  
  22  2:03  Orbital Command  
  22  2:07  Refinery  
  22  2:13  Reaper  
  23  2:24  Marine  
  24  2:39  Command Center  
  24  2:42  Marine  
  25  2:47  Factory Reactor  
  25  2:56  Barracks Tech Lab  
  25  3:00  Marine  
  25  3:03  SCV, Barracks  
  27  3:15  SCV  
  27  3:18  Starport, Marine  
  28  3:47  SCV  
  28  3:54  Orbital Command  
  28  3:56  Barracks Tech Lab  
  28  3:59  Widow Mine x2, SCV  
  28  4:00  Marine  
  34  4:03  Marauder  
  36  4:11  SCV  
  36  4:13  Stimpack  
  37  4:18  Marine  
  37  4:20  Widow Mine, Marauder  
  37  4:23  SCV  
  43  4:24  Marauder  
  45  4:33  Supply Depot  
  45  4:36  Marine  
  45  4:37  Supply Depot  
  46  4:50  Supply Depot  
  46  4:55  Widow Mine x2, Supply Depot  
  46  4:57  Supply Depot  
  52  5:00  Marauder  
  52  5:09  Medivac  
  54  5:41  Hellion x2  
  58  5:43  Combat Shield  
  58  5:48  Marauder  
  58  5:49  SCV x2  
  62  5:52  Concussive Shells  
  62  6:01  SCV  
  62  6:02  Hellion  
  62  6:03  Hellion  
  67  6:09  SCV  
  68  6:13  SCV  
  69  6:21  SCV  
  69  6:24  Hellion x2  
  69  6:25  SCV  
  75  6:31  Supply Depot  
  75  6:43  Factory  
  75  6:44  Starport Reactor  
  75  6:45  Hellion x2  
  75  6:46  Marauder x2  
  83  6:47  Marine  
  83  6:50  Engineering Bay  
  83  6:54  Engineering Bay, Supply Depot  
  84  6:59  Refinery  
  84  7:02  SCV  
  84  7:03  SCV  
  84  7:06  Command Center  
  84  7:08  Marauder x2  
  91  7:14  SCV  
  91  7:15  SCV  
  93  7:18  Supply Depot  
  93  7:22  Barracks Reactor  
  92  7:27  SCV  
  92  7:29  Factory Tech Lab, Marauder x2  
  97  7:36  SCV  
  98  7:39  SCV  
  98  7:41  Supply Depot  
  99  7:48  SCV  
  99  7:50  Marauder x2  
  99  7:51  SCV  
  105  7:53  Infernal Pre-Igniter  
  105  8:00  SCV  
  105  8:03  SCV, Marine x2  
  105  8:04  Supply Depot  
  109  8:12  Refinery, SCV, Marauder x2  
  114  8:21  Marine x2  
  114  8:25  Terran Infantry Armor Level 1, Terran Infantry Weapons Level 1  
  116  8:33  Marauder x2  
  120  8:36  Armory  
  120  8:43  Marine  
  120  8:44  Marine  
  120  8:45  Orbital Command  
  120  8:46  SCV x2  
  124  8:49  Refinery  
  124  8:51  Refinery  
  124  8:54  Marauder  
  124  8:55  Marauder  
  128  8:58  SCV x2  
  128  9:01  Marine x2  
  132  9:08  Siege Tank  
  135  9:10  SCV x2  
  135  9:16  Marauder x2  
  141  9:22  Command Center  
  141  9:33  Supply Depot  
  141  9:34  Supply Depot x2  
  141  9:35  Supply Depot  
  141  9:37  Supply Depot  
  141  9:52  Barracks  
  141  9:53  Barracks  
  141  9:54  SCV, Marine x4  
  146  10:00  Supply Depot  
  144  10:13  Marauder, Thor  
  150  10:15  Hellion x2  
  150  10:34  Marauder  
  112  10:55  Marauder, Thor  
  105  11:06  Marine  
  105  11:07  Barracks Reactor  
  103  11:17  Marauder  
  85  11:35  Barracks Tech Lab  
  85  11:38  Marauder  
  87  11:41  Medivac x2  
  87  11:43  Thor  
  87  11:44  Widow Mine  
  87  11:45  Widow Mine  
  101  11:49  Marine  
  101  11:50  Marine  
  103  11:59  Marauder  
  105  12:06  Widow Mine x2  
  105  12:07  Marine  
  105  12:08  Barracks, Marine  
  111  12:11  Barracks  
  111  12:21  Marauder  
  103  12:25  Marine  
  103  12:26  Marine, Thor  
  103  12:27  Widow Mine x2  
  113  12:42  Marauder  
  113  12:43  Marauder, Marine x2  
  119  12:49  Widow Mine  
  119  12:51  Hellion  
  123  12:55  SCV x3  
  126  13:01  Marine x2  
  126  13:04  Marauder  
  126  13:05  Marauder, Planetary Fortress  
  132  13:07  SCV x2  
  132  13:08  SCV  
  132  13:09  Thor  
  132  13:10  Hellion  
  132  13:12  Hellion  
  145  13:14  Command Center  
  145  13:19  SCV x2, Marine x2  
  149  13:20  SCV  
  149  13:25  Marauder  
  149  13:26  Marauder  
  154  13:31  SCV, Hellion  
  154  13:32  SCV  
  154  13:34  Hellion  
  160  13:36  Marine  
  160  13:37  Marine  
  162  13:41  Barracks  
  162  13:46  Marauder  
  162  13:48  Marauder  
  162  13:52  Thor  
  162  13:53  Hellion  
  162  13:54  Marine  
  162  13:55  Hellion, Marine  
  123  14:08  Marauder  
  123  14:09  Marauder  
  123  14:12  Marine  
  120  14:28  Marine  
  120  14:29  Barracks, Marauder  
  120  14:30  Marauder, Marine  
  126  14:32  Barracks Reactor, Barracks Tech Lab  
  126  14:36  Barracks Tech Lab  
  125  14:42  Orbital Command  
  125  14:43  SCV  
  125  14:44  SCV x3  
  129  14:46  Marine  
  129  14:48  Marine  
  129  14:51  Marauder  
  129  14:52  Marauder  
  135  14:55  SCV  
  135  14:56  SCV x3, Command Center  
  139  15:01  Drilling Claws  
  139  15:04  Marine  
  139  15:05  Marine  
  141  15:08  SCV  
  141  15:10  Marauder x2, Marine x2  
  141  15:12  Marauder  
  141  15:13  Marauder  
  152  15:15  Thor  
  152  15:17  Hellion  
  152  15:20  SCV  
  161  15:22  Marine  
  161  15:23  Marine  
  161  15:28  Marine x2  
  165  15:32  SCV, Marauder x2  
  165  15:33  Marauder  
  165  15:35  Marauder  
  174  15:39  Marine  
  174  15:41  Marine  
  176  15:45  Marine  
  176  15:46  Marine  
  178  15:53  Marauder x2  
  178  15:55  Marauder  
  178  15:56  Marauder  
  182  15:57  Marine  
  182  15:59  Marine  
  182  16:03  Marine x2  
Show
View Real Time Build Order
Export as new Build Order

qqq Protoss - Winner!

Build Orders: Phoenix Opening, Carriers, Mass Phoenix 

Get SALT Encoding   

  12  0:01  Probe  
  13  0:13  Probe  
  14  0:19  Pylon  
  14  0:25  Probe  
  15  0:42  Probe  
  16  0:45  Pylon  
  16  0:54  Probe  
  17  1:05  Gateway  
  17  1:06  Probe  
  18  1:13  Pylon  
  18  1:18  Probe  
  19  1:30  Probe  
  20  1:34  Forge  
  20  1:45  Nexus  
  20  1:51  Probe  
  21  1:54  Assimilator  
  21  1:58  Assimilator  
  21  2:03  Probe  
  22  2:15  Photon Cannon  
  22  2:28  Probe  
  23  2:31  Cybernetics Core  
  23  2:40  Probe  
  24  2:52  Probe  
  25  3:04  Probe  
  26  3:07  Photon Cannon  
  26  3:09  Pylon  
  26  3:10  Stargate  
  26  3:13  Probe  
  26  3:16  Probe  
  28  3:25  Probe  
  29  3:29  Probe  
  30  3:37  Probe  
  30  3:41  Probe, Stargate  
  32  3:42  Pylon  
  32  3:49  Probe  
  32  3:53  Probe  
  34  3:57  Phoenix  
  34  4:01  Probe  
  37  4:05  Probe  
  38  4:13  Probe  
  39  4:17  Probe  
  40  4:25  Probe, Assimilator  
  40  4:26  Protoss Air Weapons Level 1 (Chrono Boost)  
  40  4:29  Probe, Assimilator  
  42  4:34  Photon Cannon  
  42  4:35  Phoenix  
  42  4:37  Probe  
  45  4:41  Probe  
  46  4:49  Probe  
  47  4:57  Phoenix  
  47  4:59  Phoenix  
  49  5:02  Probe  
  49  5:03  Nexus  
  49  5:04  Pylon  
  52  5:07  Pylon  
  52  5:22  Phoenix  
  52  5:24  Phoenix  
  56  5:34  Probe  
  57  5:41  Photon Cannon  
  57  5:42  Photon Cannon  
  57  5:44  Photon Cannon  
  57  5:46  Shield Battery  
  57  5:47  Phoenix  
  59  5:56  Phoenix  
  61  6:13  Phoenix (Chrono Boost)  
  63  6:20  Probe (Chrono Boost)  
  63  6:21  Phoenix (Chrono Boost), Protoss Air Armor Level 1  
  63  6:24  Photon Cannon  
  66  6:27  Pylon  
  66  6:32  Probe (Chrono Boost)  
  67  6:36  Phoenix (Chrono Boost)  
  69  6:40  Probe (Chrono Boost)  
  69  6:43  Phoenix (Chrono Boost), Assimilator  
  69  6:46  Probe  
  72  6:47  Probe, Assimilator  
  72  6:52  Phoenix  
  76  6:58  Probe  
  76  6:59  Probe  
  76  7:01  Phoenix  
  80  7:10  Probe  
  80  7:11  Probe  
  82  7:20  Phoenix, Fleet Beacon  
  84  7:22  Probe  
  84  7:23  Probe  
  84  7:26  Phoenix  
  88  7:45  Phoenix  
  88  8:12  Carrier x2  
  98  8:15  Probe  
  99  8:27  Probe  
  99  8:28  Photon Cannon  
  99  8:30  Photon Cannon  
  99  8:32  Shield Battery  
  99  8:34  Photon Cannon  
  100  8:36  Photon Cannon  
  100  8:39  Probe  
  101  8:41  Stargate  
  101  8:42  Nexus  
  101  8:44  Pylon  
  101  8:46  Pylon  
  101  8:51  Probe  
  102  9:03  Probe  
  103  9:15  Protoss Air Weapons Level 2  
  103  9:16  Carrier x2  
  109  9:32  Carrier  
  115  9:42  Shield Battery  
  115  9:44  Photon Cannon  
  115  9:45  Photon Cannon  
  115  9:47  Photon Cannon  
  115  9:49  Pylon  
  115  9:53  Photon Cannon  
  115  9:54  Photon Cannon  
  115  9:56  Shield Battery  
  115  9:57  Mothership  
  123  10:01  Anion Pulse-Crystals  
  123  10:21  Probe, Carrier x2  
  135  10:24  Probe  
  137  10:33  Probe  
  134  10:36  Probe  
  135  10:48  Probe  
  136  10:53  Carrier  
  142  11:00  Probe  
  141  11:10  Probe  
  142  11:12  Probe  
  142  11:15  Photon Cannon  
  142  11:16  Photon Cannon  
  142  11:18  Photon Cannon  
  143  11:19  Shield Battery  
  143  11:22  Probe  
  143  11:23  Pylon  
  143  11:24  Probe  
  143  11:34  Probe  
  143  11:37  Probe  
  145  11:41  Carrier  
  145  11:46  Probe  
  152  11:49  Probe  
  153  11:57  Pylon  
  153  11:58  Probe  
  153  11:59  Pylon  
  153  12:01  Probe  
  155  12:04  Pylon  
  155  12:05  Pylon  
  155  12:08  Pylon  
  161  12:15  Carrier  
  161  12:17  Photon Cannon, Carrier  
  161  12:18  Protoss Air Armor Level 2  
  161  12:20  Photon Cannon  
  161  12:22  Photon Cannon  
  167  12:24  Pylon  
  167  12:26  Shield Battery  
  167  12:27  Shield Battery  
  167  12:45  Carrier  
  173  12:59  Probe  
  173  13:03  Assimilator  
  174  13:11  Probe  
  175  13:17  Assimilator  
  175  13:18  Nexus  
  181  13:20  Carrier, Pylon  
  181  13:22  Carrier, Pylon  
  181  13:23  Probe  
  181  13:24  Pylon  
  181  13:26  Pylon  
  188  13:35  Probe  
  188  13:47  Probe  
  189  13:49  Carrier  
  195  13:59  Probe  
  196  14:24  Carrier  
  196  14:36  Pylon x2  
  196  14:38  Pylon  
  196  14:41  Pylon  
  196  14:50  Nexus  
  196  15:02  Robotics Facility  
  196  15:05  Stargate  
  196  15:08  Stargate  
  196  15:09  Stargate  
  196  15:12  Stargate  
  196  16:02  Photon Cannon  
  196  16:03  Photon Cannon  
  196  16:05  Photon Cannon  
  196  16:06  Photon Cannon  
  196  16:08  Photon Cannon  
  196  16:11  Shield Battery x2  
  196  16:13  Shield Battery  
  196  16:15  Shield Battery  
  196  16:17  Shield Battery  
  196  16:19  Photon Cannon  
  196  16:22  Photon Cannon  
Show
View Real Time Build Order
Export as new Build Order

LoliCake Zerg 

Build Orders: Hatch First 

Get SALT Encoding   

  12  0:01  Drone  
  13  0:15  Overlord  
  13  0:22  Drone  
  14  0:34  Drone x2  
  16  0:40  Drone  
  17  0:54  Hatchery  
  17  0:56  Drone  
  17  1:06  Drone  
  18  1:13  Extractor  
  18  1:16  Spawning Pool  
  16  1:18  Drone  
  16  1:25  Drone  
  18  1:37  Drone  
  19  1:43  Overlord  
  19  1:56  Drone  
  21  2:08  Drone x2, Queen  
  21  2:09  Queen  
  26  2:24  Zergling x4  
  26  2:25  Metabolic Boost  
  28  2:33  Zergling x2  
  28  2:34  Zergling x2  
  30  2:45  Zergling x4  
  32  2:59  Overlord  
  32  3:02  Drone  
  32  3:03  Drone x2  
  35  3:09  Overlord  
  35  3:16  Queen  
  37  3:20  Pneumatized Carapace  
  37  3:25  Overlord  
  37  3:26  Drone x6  
  43  4:02  Queen  
  43  4:04  Overlord  
  43  4:06  Spine Crawler  
  43  4:08  Drone x3, Spore Crawler  
  46  4:13  Overlord  
  46  4:14  Drone x3  
  46  4:15  Drone  
  50  4:17  Hatchery  
  50  4:18  Extractor  
  50  4:21  Drone  
  49  4:41  Overlord  
  49  4:44  Drone x2  
  49  4:45  Drone x2  
  53  4:47  Extractor, Drone x2  
  53  4:48  Extractor  
  53  5:01  Drone  
  53  5:04  Drone x5  
  53  5:05  Drone  
  60  5:15  Spore Crawler x2  
  60  5:18  Spore Crawler  
  60  5:20  Spore Crawler  
  56  5:22  Drone x2, Spore Crawler  
  56  5:26  Spore Crawler  
  56  5:28  Lair  
  56  5:30  Drone x3  
  56  5:34  Drone x3  
  56  5:35  Spore Crawler  
  61  5:36  Spore Crawler  
  61  5:37  Drone x2  
  61  5:38  Spore Crawler  
  61  5:55  Drone x3  
  61  5:56  Drone  
  65  5:59  Drone x3  
  68  6:04  Queen  
  68  6:08  Overlord x2  
  70  6:14  Baneling Nest  
  70  6:15  Drone x3  
  70  6:16  Evolution Chamber  
  70  6:17  Evolution Chamber  
  70  6:31  Spire  
  70  6:32  Drone x2  
  71  6:34  Extractor  
  70  6:40  Hydralisk Den  
  69  6:47  Zerg Melee Weapons Level 1  
  69  6:48  Zerg Ground Armor Level 1, Zergling x2  
  69  6:49  Zergling x26  
  83  7:04  Baneling  
  83  7:05  Baneling x5  
  83  7:06  Centrifical Hooks  
  83  7:08  Drone x2  
  85  7:12  Hatchery  
  85  7:14  Overlord x2  
  85  7:15  Overseer x2  
  84  7:24  Zergling x10  
  84  7:25  Zergling x2  
  84  7:26  Overlord  
  90  7:32  Queen  
  92  7:46  Hydralisk x3  
  92  7:47  Hydralisk x5  
  108  7:51  Grooved Spines  
  108  8:09  Overlord  
  108  8:10  Overlord x3  
  108  8:19  Overlord x3  
  108  8:20  Overlord x2  
  108  8:34  Zergling x14  
  109  8:41  Baneling  
  115  8:42  Baneling x7  
  115  8:47  Queen  
  117  8:54  Hydralisk x9  
  135  8:59  Zerg Melee Weapons Level 2  
  135  9:02  Zerg Ground Armor Level 2, Muscular Augments  
  132  9:19  Drone x2  
  126  9:26  Hydralisk x3  
  126  9:27  Hydralisk x3  
  134  9:32  Drone  
  134  9:33  Drone, Overlord  
  136  9:46  Spore Crawler  
  136  9:48  Spore Crawler x3  
  136  9:49  Infestation Pit  
  136  9:50  Overseer x2  
  136  9:51  Overseer  
  131  10:08  Baneling  
  131  10:09  Baneling x4, Hydralisk x6  
  131  10:10  Hydralisk, Zergling x8  
  131  10:11  Zergling x4  
  131  10:13  Overlord  
  144  10:29  Baneling x6, Zergling x2  
  144  10:30  Zergling x16  
  135  10:43  Zergling x10  
  119  10:53  Zergling x8  
  109  11:03  Zergling x8  
  76  11:11  Baneling  
  76  11:12  Baneling x5  
  76  11:15  Baneling x3  
  76  11:20  Baneling x6  
  76  11:26  Zergling x16  
  76  11:32  Zergling x2  
  85  11:33  Zergling x2  
  85  11:40  Overlord x3  
  85  11:41  Zergling x2  
  85  11:55  Baneling x6  
  85  11:56  Zergling x12  
  89  12:09  Zergling x6  
  89  12:10  Zergling x4  
  95  12:15  Zergling x6  
  95  12:16  Zergling x2  
  94  12:28  Zergling x8  
  94  12:29  Zergling x12  
  97  12:36  Overseer  
  97  12:37  Overseer x5  
  97  12:38  Overlord x2  
  97  12:39  Overlord  
  97  12:41  Zergling x2  
  97  12:42  Zergling x2  
  97  12:43  Zergling x6  
  102  12:45  Baneling x3  
  100  12:54  Drone x3  
  100  12:55  Zergling x16  
  109  12:58  Baneling  
  109  12:59  Baneling x2, Hydralisk  
  109  13:04  Hive  
  111  13:05  Zerg Missile Weapons Level 1  
  111  13:07  Hydralisk x3  
  117  13:13  Neural Parasite  
  117  13:17  Hydralisk x2  
  117  13:18  Hydralisk x2  
  120  13:40  Hydralisk x3  
  120  13:41  Hydralisk x4  
  80  14:03  Zergling x2  
  80  14:04  Zergling x24  
  88  14:11  Overseer  
  88  14:12  Overseer x2  
  88  14:29  Hydralisk  
  88  14:30  Hydralisk x3, Zergling x2  
  88  14:31  Zergling x2  
  98  14:46  Viper x3  
  98  14:50  Extractor  
  98  14:51  Extractor  
  105  15:02  Spore Crawler  
  105  15:03  Drone, Spore Crawler  
  105  15:04  Spore Crawler  
  103  15:20  Hydralisk x3  
  103  15:21  Hydralisk  
  102  15:37  Hydralisk  
  102  15:38  Hydralisk x3  
  105  15:50  Hydralisk x3  
  94  15:57  Hydralisk x2  
Show
View Real Time Build Order
Export as new Build Order

Kuukyo Zerg 

Build Orders: Hatch First 

Get SALT Encoding   

  12  0:00  Drone  
  13  0:14  Overlord  
  13  0:17  Drone  
  14  0:33  Drone x2  
  16  0:48  Drone  
  17  0:56  Drone, Hatchery  
  17  1:02  Extractor  
  16  1:06  Drone  
  17  1:16  Spawning Pool  
  16  1:19  Drone  
  16  1:22  Drone  
  18  1:30  Drone  
  19  1:44  Overlord  
  19  1:53  Drone  
  20  2:02  Queen  
  20  2:08  Queen  
  22  2:11  Zergling x2  
  25  2:19  Drone  
  25  2:20  Drone, Metabolic Boost  
  27  2:30  Drone x2  
  27  2:34  Zergling x4  
  31  2:44  Overlord  
  31  2:48  Queen  
  33  2:52  Drone x2  
  33  2:58  Overlord  
  35  3:06  Baneling Nest  
  35  3:09  Drone x2  
  36  3:35  Drone x6  
  36  3:40  Overlord  
  42  3:49  Drone x4  
  42  3:51  Spore Crawler  
  42  3:53  Spore Crawler  
  42  3:54  Drone  
  45  3:58  Queen x2  
  45  4:00  Zergling x2  
  50  4:10  Zergling x6  
  50  4:11  Zergling x4  
  55  4:18  Extractor  
  55  4:19  Extractor  
  55  4:20  Overlord  
  53  4:24  Overlord  
  53  4:30  Overlord x2  
  53  4:31  Overlord  
  53  4:33  Baneling x3  
  53  4:34  Baneling x3  
  53  4:48  Lair  
  53  4:53  Queen  
  55  5:09  Zergling x2  
  55  5:10  Zergling x16  
  64  5:27  Drone x7  
  71  5:29  Queen  
  73  5:48  Hatchery  
  72  5:50  Queen  
  74  5:59  Drone  
  74  6:00  Drone x6  
  81  6:05  Queen  
  83  6:26  Overlord  
  83  6:27  Overlord x5  
  83  6:32  Extractor  
  82  6:33  Drone x2  
  82  6:37  Hydralisk Den  
  83  6:42  Evolution Chamber  
  83  6:43  Evolution Chamber  
  83  6:46  Zergling x10  
  86  6:49  Centrifical Hooks  
  86  7:08  Queen  
  88  7:13  Drone x8  
  96  7:24  Zerg Melee Weapons Level 1  
  96  7:25  Zerg Ground Armor Level 1  
  96  7:26  Hydralisk  
  96  7:27  Hydralisk x6  
  96  7:29  Grooved Spines  
  108  7:40  Hatchery  
  102  7:51  Hydralisk x5  
  97  7:52  Hydralisk  
  104  8:02  Hydralisk x2  
  100  8:15  Queen  
  100  8:16  Queen x2  
  106  8:21  Overlord x2  
  106  8:23  Overseer  
  106  8:25  Hydralisk  
  108  8:32  Drone x4  
  112  8:49  Baneling x9  
  112  8:50  Baneling x7  
  112  8:55  Queen  
  112  8:58  Hydralisk x2  
  118  9:03  Drone x3  
  118  9:05  Spore Crawler  
  120  9:16  Muscular Augments  
  120  9:20  Zerg Melee Weapons Level 2  
  120  9:43  Zerg Ground Armor Level 2  
  120  9:46  Drone x17  
  120  9:48  Extractor  
  120  9:50  Extractor  
  120  9:51  Overseer  
  135  9:52  Overseer  
  135  9:54  Overlord  
  128  10:43  Hydralisk  
  128  10:44  Extractor, Hydralisk x13  
  128  10:45  Hatchery  
  128  10:49  Extractor  
  153  10:57  Infestation Pit  
  152  11:13  Overlord x4  
  152  11:14  Overlord x5  
  139  11:34  Zergling x2  
  139  11:35  Zergling x30  
  139  11:36  Zergling x4  
  153  12:08  Zergling x2  
  153  12:09  Zergling x42  
  174  12:17  Baneling x4  
  174  12:18  Baneling x8  
  155  12:27  Overseer  
  155  12:28  Overseer x4  
  148  12:33  Queen  
  145  12:37  Queen  
  146  12:50  Baneling x4  
  146  12:51  Baneling x6, Hydralisk  
  146  12:52  Zergling x14  
  146  12:53  Zergling x2  
  156  12:58  Pneumatized Carapace  
  156  13:12  Hive  
  156  13:21  Drone  
  146  13:41  Hydralisk  
  146  13:42  Hydralisk x6  
  146  13:43  Hydralisk x9  
  175  14:07  Zergling x2  
  175  14:08  Zergling x40  
  116  14:38  Hydralisk  
  116  14:39  Hydralisk x12  
  142  14:49  Overlord x4  
  142  14:54  Baneling x2  
  142  14:55  Baneling x9  
  136  15:35  Hydralisk x8  
  117  15:36  Hydralisk x7  
  117  15:42  Hydralisk x2  
  126  15:52  Hydralisk x4  
Tags
 
Add a new tag
Caveats
  • Supply blocks, unpowered buildings, or Contaminate may cause inaccurate times.
  • Supply counts are checked every 10 seconds.